| TOP OF THE 1ST |
|
Bluefield Blue Jays batting - Pitching for Greeneville Astros : RHP Jaquan Alston
|
|
Pitching: RHP Jaquan Alston
|
|
|
Batting: RHB Justin Geiger
|
0-0: Ball 1-0: Ball 2-0: SOLO HOME RUN (Flyball, 78XD, EV 99.4 MPH), Distance : 399 ft
|
|
Batting: SHB Ryan Chicoine
|
0-0: Called Strike 0-1: Foul Ball, location: 2F 0-2: Foul Ball, location: 2F 0-2: Ball 1-2: Foul Ball, location: 2F 1-2: Strikes out swinging
|
|
Batting: LHB Cesar Arteaga
|
0-0: DOUBLE (Groundball, 3L, EV 96.2 MPH)
|
|
Batting: RHB Jordan Fairburn
|
0-0: Called Strike 0-1: Foul Ball, location: 2F 0-2: Ball 1-2: Ball 2-2: Foul Ball, location: 2F 2-2: Ball 3-2: Ground out 5-3 (Groundball, 56S, EV 85.6 MPH)
|
|
Batting: SHB Jack Andrews
|
0-0: Ball 1-0: Ball 2-0: Ball Wild Pitch! Cesar Arteaga to third 3-0: Base on Balls
|
|
Batting: RHB Jose Ontiveros
|
0-0: Ball Jack Andrews steals 2nd base (no throw) 1-0: SINGLE (Groundball, 25, EV 72.5 MPH) (infield hit) Cesar Arteaga scores Jack Andrews to third
|
|
Batting: RHB Mike Johnson
|
0-0: Ball 1-0: Ball 2-0: Foul Ball, location: 2F 2-1: Foul Ball, location: 2F 2-2: Strikes out swinging
|
| Top of the 1st over - 2 runs, 3 hits, 0 errors, 2 left on base; Bluefield 2 - Greeneville 0 |
| BOTTOM OF THE 1ST |
|
Greeneville Astros batting - Pitching for Bluefield Blue Jays : LHP Jon Moore
|
|
Pitching: LHP Jon Moore
|
|
|
Batting: RHB Jason Monico
|
0-0: Foul Ball, location: 2F 0-1: Foul Ball, location: 2F 0-2: Ball 1-2: Ball 2-2: Strikes out swinging
|
|
Batting: RHB Bruce Bermudez
|
0-0: Ball 1-0: Ball 2-0: Ball 3-0: Called Strike 3-1: Base on Balls
|
|
Batting: RHB Nate Britton
|
0-0: Ball 1-0: Grounds into double play, 5-4-3 (Groundball, 56, EV 81.2 MPH)
|
| Bottom of the 1st over - 0 runs, 0 hits, 0 errors, 0 left on base; Bluefield 2 - Greeneville 0 |
| TOP OF THE 2ND |
|
Bluefield Blue Jays batting - Pitching for Greeneville Astros : RHP Jaquan Alston
|
|
Batting: RHB Wade Diamond
|
0-0: Ball 1-0: Bunt missed! 1-1: Foul Ball, location: 2F 1-2: Ground out U3 (Groundball, 3S, EV 90.0 MPH)
|
|
Batting: RHB Jose Molina
|
0-0: Swinging Strike 0-1: SINGLE (Groundball, 4MD, EV 108.1 MPH)
|
|
Batting: RHB Justin Geiger
|
0-0: Ball 1-0: Fly out, F5 (Line Drive, 5, EV 70.0 MPH)
|
|
Batting: SHB Ryan Chicoine
|
0-0: Ball 1-0: Ground out 4-3 (Groundball, 4, EV 83.1 MPH)
|
| Top of the 2nd over - 0 runs, 1 hit, 0 errors, 1 left on base; Bluefield 2 - Greeneville 0 |
| BOTTOM OF THE 2ND |
|
Greeneville Astros batting - Pitching for Bluefield Blue Jays : LHP Jon Moore
|
|
Batting: RHB Jorge Gutierrez
|
0-0: Ball 1-0: Called Strike 1-1: Ball 2-1: Called Strike 2-2: Foul Ball, location: 2F 2-2: Strikes out looking
|
|
Batting: LHB Josh Birkner
|
0-0: Ball 1-0: Ball 2-0: Called Strike 2-1: Hit by Pitch
|
|
Batting: LHB Kyle Moore
|
0-0: Fielders Choice at 2nd, 6-4 (Groundball, 6M, EV 96.9 MPH)
|
|
Batting: RHB Guo-ning Chen
|
0-0: Fielders Choice at 2nd, 6-4 (Groundball, 6, EV 83.8 MPH)
|
| Bottom of the 2nd over - 0 runs, 0 hits, 0 errors, 1 left on base; Bluefield 2 - Greeneville 0 |
| TOP OF THE 3RD |
|
Bluefield Blue Jays batting - Pitching for Greeneville Astros : RHP Jaquan Alston
|
|
Batting: LHB Cesar Arteaga
|
0-0: Fly out, F6 (Popup, 4M, EV 73.8 MPH)
|
|
Batting: RHB Jordan Fairburn
|
0-0: Fly out, F8 (Flyball, 8RM, EV 90.0 MPH)
|
|
Batting: SHB Jack Andrews
|
0-0: SOLO HOME RUN (Flyball, 9D, EV 96.2 MPH), Distance : 364 ft
|
|
Batting: RHB Jose Ontiveros
|
0-0: Called Strike 0-1: Swinging Strike 0-2: Ball 1-2: Fly out, F2 (Popup, 25F, EV 87.5 MPH)
|
| Top of the 3rd over - 1 run, 1 hit, 0 errors, 0 left on base; Bluefield 3 - Greeneville 0 |
| BOTTOM OF THE 3RD |
|
Greeneville Astros batting - Pitching for Bluefield Blue Jays : LHP Jon Moore
|
|
Batting: RHB Erik Smith
|
0-0: Ground out 5-3 (Groundball, 5S, EV 71.9 MPH)
|
|
Batting: LHB Jimmy Edlin
|
0-0: Foul Ball, location: 2F 0-1: Fly out, F5 (Popup, 5L, EV 66.9 MPH)
|
|
Batting: RHB Jason Monico
|
0-0: Called Strike 0-1: SINGLE (Flyball, 6MD, EV 90.6 MPH)
|
|
Batting: RHB Bruce Bermudez
|
0-0: Ball Jason Monico steals 2nd base 1-0: Ball 2-0: Ball 3-0: Called Strike 3-1: Called Strike 3-2: Base on Balls
|
|
Batting: RHB Nate Britton
|
0-0: Ball 1-0: Swinging Strike 1-1: Ball 2-1: Foul Ball, location: 2F 2-2: Ball 3-2: Base on Balls Jason Monico to third Bruce Bermudez to second
|
|
Batting: RHB Jorge Gutierrez
|
0-0: Ball 1-0: Ground out U3 (Groundball, 3, EV 88.8 MPH)
|
| Bottom of the 3rd over - 0 runs, 1 hit, 0 errors, 3 left on base; Bluefield 3 - Greeneville 0 |
| TOP OF THE 4TH |
|
Bluefield Blue Jays batting - Pitching for Greeneville Astros : RHP Jaquan Alston
|
|
Batting: RHB Mike Johnson
|
0-0: Ball 1-0: Ball 2-0: Called Strike 2-1: Ball 3-1: Called Strike 3-2: Base on Balls
|
|
Batting: RHB Wade Diamond
|
0-0: Fielders Choice at 2nd, 5-4 (Groundball, 5, EV 80.0 MPH)
|
|
Batting: RHB Jose Molina
|
0-0: Ball Wade Diamond is caught stealing 2nd base 2-4 1-0: Called Strike 1-1: Ball 2-1: Swinging Strike 2-2: Foul Ball, location: 2F 2-2: Ball 3-2: Base on Balls
|
|
Batting: RHB Justin Geiger
|
0-0: Ball 1-0: DOUBLE (Flyball, 8RXD, EV 87.5 MPH) Jose Molina to third Runner from 3rd tries for Home, SAFE, no throw by CF
|
|
Batting: SHB Ryan Chicoine
|
0-0: Ball 1-0: Called Strike 1-1: Ball 2-1: Ball 3-1: Foul Ball, location: 2F 3-2: Base on Balls
|
|
Batting: LHB Cesar Arteaga
|
0-0: Ball 1-0: Foul Ball, location: 2F 1-1: Ball 2-1: Ground out U3 (Groundball, 3, EV 103.1 MPH)
|
| Top of the 4th over - 1 run, 1 hit, 0 errors, 2 left on base; Bluefield 4 - Greeneville 0 |
| BOTTOM OF THE 4TH |
|
Greeneville Astros batting - Pitching for Bluefield Blue Jays : LHP Jon Moore
|
|
Batting: LHB Josh Birkner
|
0-0: Foul Ball, location: 2F 0-1: DOUBLE (Groundball, 3L, EV 103.1 MPH)
|
|
Batting: LHB Kyle Moore
|
0-0: Called Strike 0-1: Ball 1-1: Foul Ball, location: 2F 1-2: Strikes out swinging
|
|
Batting: RHB Guo-ning Chen
|
0-0: Ball 1-0: Ball 2-0: Ball 3-0: Base on Balls
|
|
Batting: RHB Erik Smith
|
0-0: Ball 1-0: Fly out, F7 (Flyball, 7LS, EV 89.4 MPH)
|
|
Batting: LHB Jimmy Edlin
|
0-0: Ball 1-0: Swinging Strike 1-1: Foul Ball, location: 2F 1-2: Foul Ball, location: 2F 1-2: Strikes out looking
|
| Bottom of the 4th over - 0 runs, 1 hit, 0 errors, 2 left on base; Bluefield 4 - Greeneville 0 |
| TOP OF THE 5TH |
|
Bluefield Blue Jays batting - Pitching for Greeneville Astros : RHP Jaquan Alston
|
|
Batting: RHB Jordan Fairburn
|
0-0: SOLO HOME RUN (Flyball, 78XD, EV 115.6 MPH), Distance : 446 ft
|
|
Pitching: RHP James Browning
|
|
|
Batting: SHB Jack Andrews
|
0-0: Called Strike 0-1: Ball 1-1: Swinging Strike 1-2: Strikes out swinging
|
|
Batting: RHB Jose Ontiveros
|
0-0: SOLO HOME RUN (Flyball, 89XD, EV 101.2 MPH), Distance : 391 ft
|
|
Batting: RHB Mike Johnson
|
0-0: Foul Ball, location: 2F 0-1: Called Strike 0-2: Ball 1-2: Ball 2-2: Ball 3-2: Foul Ball, location: 2F 3-2: Base on Balls
|
|
Batting: RHB Wade Diamond
|
0-0: Called Strike 0-1: Ball Mike Johnson is caught stealing 2nd base 2-4 1-1: Swinging Strike 1-2: Strikes out swinging
|
| Top of the 5th over - 2 runs, 2 hits, 0 errors, 0 left on base; Bluefield 6 - Greeneville 0 |
| BOTTOM OF THE 5TH |
|
Greeneville Astros batting - Pitching for Bluefield Blue Jays : LHP Jon Moore
|
|
Batting: RHB Jason Monico
|
0-0: Ball 1-0: Foul Ball, location: 2F 1-1: Foul Ball, location: 2F 1-2: Strikes out swinging
|
|
Batting: RHB Bruce Bermudez
|
0-0: Called Strike 0-1: Called Strike 0-2: Fly out, F6 (Flyball, 56D, EV 87.5 MPH)
|
|
Batting: RHB Nate Britton
|
0-0: Called Strike 0-1: Ball 1-1: Foul Ball, location: 2F 1-2: Strikes out swinging
|
| Bottom of the 5th over - 0 runs, 0 hits, 0 errors, 0 left on base; Bluefield 6 - Greeneville 0 |
| TOP OF THE 6TH |
|
Bluefield Blue Jays batting - Pitching for Greeneville Astros : RHP James Browning
|
|
Batting: RHB Jose Molina
|
0-0: Foul Ball, location: 2F 0-1: Ball 1-1: Called Strike 1-2: Foul Ball, location: 2F 1-2: Ball 2-2: Foul Ball, location: 2F 2-2: Ball 3-2: Base on Balls
|
|
Batting: RHB Justin Geiger
|
0-0: Fly out, F8 (Flyball, 8LXD, EV 98.1 MPH)
|
|
Batting: SHB Ryan Chicoine
|
0-0: Called Strike 0-1: Ball 1-1: Called Strike 1-2: Ground out 5-3 (Groundball, 56S, EV 67.5 MPH) Jose Molina to second
|
|
Batting: LHB Cesar Arteaga
|
0-0: Swinging Strike Passed Ball! Jose Molina to third 0-1: Called Strike 0-2: Foul Ball, location: 2F 0-2: Strikes out swinging
|
| Top of the 6th over - 0 runs, 0 hits, 0 errors, 1 left on base; Bluefield 6 - Greeneville 0 |
| BOTTOM OF THE 6TH |
|
Greeneville Astros batting - Pitching for Bluefield Blue Jays : LHP Jon Moore
|
|
Batting: RHB Jorge Gutierrez
|
0-0: Ball 1-0: Ball 2-0: Foul Ball, location: 2F 2-1: Foul Ball, location: 2F 2-2: Ball 3-2: Base on Balls
|
|
Batting: LHB Josh Birkner
|
0-0: Called Strike 0-1: Called Strike 0-2: Strikes out swinging
|
|
Pitching: RHP Scott Olson
|
|
|
Batting: LHB Kyle Moore
|
0-0: Ball 1-0: Ball 2-0: Ball Jorge Gutierrez steals 2nd base 3-0: Called Strike 3-1: Base on Balls
|
|
Batting: RHB Guo-ning Chen
|
0-0: Called Strike 0-1: Swinging Strike 0-2: Strikes out swinging
|
|
Batting: RHB Erik Smith
|
0-0: Swinging Strike 0-1: Ball 1-1: Ball 2-1: Ball 3-1: SINGLE (Groundball, 4MD, EV 105.0 MPH) Jorge Gutierrez to third Kyle Moore to second Runner from 3rd tries for Home, SAFE, throw by CF to home
|
|
Batting: LHB Jimmy Edlin
|
0-0: Ball 1-0: Ball 2-0: Foul Ball, location: 2F 2-1: Swinging Strike 2-2: Ball 3-2: Strikes out swinging
|
| Bottom of the 6th over - 1 run, 1 hit, 0 errors, 2 left on base; Bluefield 6 - Greeneville 1 |
| TOP OF THE 7TH |
|
Bluefield Blue Jays batting - Pitching for Greeneville Astros : RHP James Browning
|
|
Batting: RHB Jordan Fairburn
|
0-0: Called Strike 0-1: Swinging Strike 0-2: Strikes out swinging
|
|
Batting: SHB Jack Andrews
|
0-0: Ball 1-0: Called Strike 1-1: Swinging Strike 1-2: Strikes out swinging
|
|
Batting: RHB Jose Ontiveros
|
0-0: Ball 1-0: Ball 2-0: Called Strike 2-1: Ball 3-1: Foul Ball, location: 2F 3-2: Base on Balls
|
|
Pitching: LHP Mark Sanders
|
|
|
Batting: RHB Mike Johnson
|
0-0: Ball 1-0: Foul Ball, location: 2F 1-1: Called Strike 1-2: Ball 2-2: SINGLE (Groundball, 56D, EV 96.9 MPH) Jose Ontiveros to second
|
|
Batting: RHB Wade Diamond
|
0-0: Ball 1-0: Fly out, F7 (Flyball, 78XD, EV 86.2 MPH)
|
| Top of the 7th over - 0 runs, 1 hit, 0 errors, 2 left on base; Bluefield 6 - Greeneville 1 |
| BOTTOM OF THE 7TH |
|
Greeneville Astros batting - Pitching for Bluefield Blue Jays : RHP Scott Olson
|
|
Batting: RHB Jason Monico
|
0-0: Ball 1-0: Ball 2-0: Ball 3-0: Called Strike 3-1: Called Strike 3-2: Strikes out looking
|
|
Batting: RHB Bruce Bermudez
|
0-0: Ball 1-0: Ball 2-0: Foul Ball, location: 2F 2-1: Ground out 6-3 (Groundball, 6M, EV 93.1 MPH)
|
|
Batting: RHB Nate Britton
|
0-0: Ground out 5-3 (Groundball, 56, EV 102.5 MPH)
|
| Bottom of the 7th over - 0 runs, 0 hits, 0 errors, 0 left on base; Bluefield 6 - Greeneville 1 |
| TOP OF THE 8TH |
|
Bluefield Blue Jays batting - Pitching for Greeneville Astros : LHP Mark Sanders
|
|
Batting: RHB Jose Molina
|
0-0: Called Strike 0-1: Ball 1-1: Ball 2-1: Foul Ball, location: 2F 2-2: Ball 3-2: Ground out 6-3 (Groundball, 6M, EV 105.6 MPH)
|
|
Batting: RHB Justin Geiger
|
0-0: Ball 1-0: Called Strike 1-1: Ball 2-1: Ground out 5-3 (Groundball, 5, EV 94.4 MPH)
|
|
Batting: SHB Ryan Chicoine
|
0-0: Ball 1-0: Ball 2-0: TRIPLE (Line Drive, 78XD, EV 110.6 MPH)
|
|
Batting: LHB Cesar Arteaga
|
0-0: Called Strike 0-1: TRIPLE (Flyball, 9LD, EV 101.9 MPH) Ryan Chicoine scores
|
|
Batting: RHB Jordan Fairburn
|
0-0: Called Strike 0-1: Ball 1-1: Swinging Strike 1-2: Ball 2-2: Ball Wild Pitch! Cesar Arteaga scores 3-2: Ground out 6-3 (Groundball, 6D, EV 109.4 MPH)
|
| Top of the 8th over - 2 runs, 2 hits, 0 errors, 0 left on base; Bluefield 8 - Greeneville 1 |
| BOTTOM OF THE 8TH |
|
Greeneville Astros batting - Pitching for Bluefield Blue Jays : RHP Scott Olson
|
|
Batting: RHB Jorge Gutierrez
|
0-0: Ball 1-0: Called Strike 1-1: Called Strike 1-2: Foul Ball, location: 2F 1-2: Foul Ball, location: 2F 1-2: Ball 2-2: Ground out U3 (Groundball, 3, EV 82.5 MPH)
|
|
Batting: LHB Josh Birkner
|
0-0: Ball 1-0: Called Strike 1-1: Foul Ball, location: 2F 1-2: Ball 2-2: Strikes out swinging
|
|
Batting: LHB Kyle Moore
|
0-0: Called Strike 0-1: Foul Ball, location: 2F 0-2: Ball 1-2: Ball 2-2: Ball 3-2: Base on Balls
|
|
Batting: RHB Guo-ning Chen
|
0-0: Ball 1-0: Called Strike 1-1: Foul Ball, location: 2F 1-2: Strikes out swinging
|
| Bottom of the 8th over - 0 runs, 0 hits, 0 errors, 1 left on base; Bluefield 8 - Greeneville 1 |
| TOP OF THE 9TH |
|
Bluefield Blue Jays batting - Pitching for Greeneville Astros : LHP Mark Sanders
|
|
Batting: SHB Jack Andrews
|
0-0: Ground out 3-1 (Groundball, 13, EV 90.0 MPH)
|
|
Batting: RHB Jose Ontiveros
|
0-0: Ball 1-0: Called Strike 1-1: Ball 2-1: Foul Ball, location: 2F 2-2: Ball 3-2: Strikes out swinging
|
|
Batting: RHB Mike Johnson
|
0-0: Ball 1-0: Fly out, F7 (Flyball, 7LS, EV 97.5 MPH)
|
| Top of the 9th over - 0 runs, 0 hits, 0 errors, 0 left on base; Bluefield 8 - Greeneville 1 |
| BOTTOM OF THE 9TH |
|
Greeneville Astros batting - Pitching for Bluefield Blue Jays : RHP Scott Olson
|
|
Pitching: RHP Bobby Leija
|
|
|
Batting: RHB Erik Smith
|
0-0: Called Strike 0-1: Foul Ball, location: 2F 0-2: Fly out, F9 (Flyball, 9LD, EV 90.6 MPH)
|
|
Batting: LHB Jimmy Edlin
|
0-0: Called Strike 0-1: Swinging Strike 0-2: Ball 1-2: Strikes out looking
|
|
Batting: RHB Jason Monico
|
0-0: Swinging Strike 0-1: Ground out 6-3 (Groundball, 6S, EV 71.9 MPH)
|
| Bottom of the 9th over - 0 runs, 0 hits, 0 errors, 0 left on base; Bluefield 8 - Greeneville 1 |
|